AA CENTRAL
NORTHWEST ARKANSAS NATURALS @ AMARILLO SOD POODLES
07/19/2041
 
TOP OF THE 1ST
Northwest Arkansas Naturals batting - Pitching for Amarillo Sod Poodles : RHP Nate Bryant
Pitching: RHP Nate Bryant
Batting: LHB Sonny Pouliot 0-0: Called Strike
0-1: Ball
1-1: Ball
2-1: Ground out 1-3 (Groundball, 15S, EV 73.1 MPH)
Batting: SHB Jesús Catete 0-0: Swinging Strike
0-1: Ball
1-1: Called Strike
1-2: Strikes out swinging
Batting: LHB Rod Truong 0-0: Ball
1-0: Ball
2-0: Ball
3-0: Ground out 5-3 (Groundball, 56S, EV 71.3 MPH)
Top of the 1st over - 0 runs, 0 hits, 0 errors, 0 left on base; Northwest Arkansas 0 - Amarillo 0
BOTTOM OF THE 1ST
Amarillo Sod Poodles batting - Pitching for Northwest Arkansas Naturals : RHP Tony Clark
Pitching: RHP Tony Clark
Batting: RHB Pancho Castellanos 0-0: Foul Ball, location: 23F
0-1: Ball
1-1: Swinging Strike
1-2: Ball
2-2: Strikes out looking
Batting: RHB Phil MacNamara 0-0: Called Strike
0-1: Ball
1-1: Called Strike
1-2: Ground out 6-3 (Groundball, 6, EV 87.5 MPH)
Batting: LHB Jared Gyll 0-0: Called Strike
0-1: Ground out 4-3 (Groundball, 4M, EV 83.1 MPH)
Bottom of the 1st over - 0 runs, 0 hits, 0 errors, 0 left on base; Northwest Arkansas 0 - Amarillo 0
TOP OF THE 2ND
Northwest Arkansas Naturals batting - Pitching for Amarillo Sod Poodles : RHP Nate Bryant
Batting: LHB José Sánchez 0-0: Called Strike
0-1: Ball
1-1: Called Strike
1-2: Strikes out looking
Batting: LHB Pete Barry 0-0: Ball
1-0: Ball
2-0: Fly out, F9 (Flyball, 9S, EV 86.3 MPH)
Batting: SHB Luis Ramírez 0-0: Called Strike
0-1: SINGLE (Line Drive, 78S, EV 101.3 MPH)
Batting: RHB Robinson Ornelas 0-0: Ball
1-0: Foul Ball, location: 25F
1-1: Ball
2-1: Called Strike
Luis Ramírez is caught stealing 2nd base 2-4
Top of the 2nd over - 0 runs, 1 hit, 0 errors, 0 left on base; Northwest Arkansas 0 - Amarillo 0
BOTTOM OF THE 2ND
Amarillo Sod Poodles batting - Pitching for Northwest Arkansas Naturals : RHP Tony Clark
Batting: RHB Greg Jamison 0-0: Called Strike
0-1: Ball
1-1: Swinging Strike
1-2: Ball
2-2: Ball
3-2: Foul Ball, location: 9LSF
3-2: Base on Balls
Batting: RHB José Elrayes 0-0: Fielders Choice at 2nd, 4-6 (Groundball, 34, EV 92.5 MPH)
Batting: RHB Stan Hammons 0-0: Called Strike
0-1: Ball
José Elrayes steals 2nd base
1-1: Called Strike
1-2: Ball
2-2: Ball
3-2: Foul Ball, location: 25FF
3-2: Base on Balls
Batting: SHB Luis Alvarado 0-0: SINGLE (Line Drive, 78S, EV 100.6 MPH)
José Elrayes to third
Stan Hammons to second
Batting: LHB José Luna 0-0: Grounds into double play, 6-4-3 (Groundball, 6, EV 85.6 MPH)
Bottom of the 2nd over - 0 runs, 1 hit, 0 errors, 2 left on base; Northwest Arkansas 0 - Amarillo 0
TOP OF THE 3RD
Northwest Arkansas Naturals batting - Pitching for Amarillo Sod Poodles : RHP Nate Bryant
Batting: RHB Robinson Ornelas 0-0: Called Strike
0-1: SINGLE (Groundball, 4M, EV 101.3 MPH) (infield hit)
Batting: RHB Gil Reynolds 0-0: Foul Ball, location: 9LDF
0-1: Called Strike
0-2: Strikes out swinging
Batting: RHB Steve Thomason 0-0: Ball
Robinson Ornelas is caught stealing 2nd base 2-4
1-0: Called Strike
1-1: Foul Ball, location: 2F
1-2: Ground out 4-3 (Groundball, 4, EV 77.5 MPH)
Top of the 3rd over - 0 runs, 1 hit, 0 errors, 0 left on base; Northwest Arkansas 0 - Amarillo 0
BOTTOM OF THE 3RD
Amarillo Sod Poodles batting - Pitching for Northwest Arkansas Naturals : RHP Tony Clark
Batting: RHB António Guerra 0-0: Ball
1-0: Called Strike
1-1: Fly out, F9 (Line Drive, 89M, EV 90.6 MPH)
Batting: RHB Pancho Castellanos 0-0: Ground out 5-3 (Groundball, 56S, EV 66.9 MPH)
Batting: RHB Phil MacNamara 0-0: Ball
1-0: Ball
2-0: Called Strike
2-1: Ball
3-1: Base on Balls
Batting: LHB Jared Gyll 0-0: Ball
1-0: Called Strike
Phil MacNamara is caught stealing 2nd base 2-6
Bottom of the 3rd over - 0 runs, 0 hits, 0 errors, 0 left on base; Northwest Arkansas 0 - Amarillo 0
TOP OF THE 4TH
Northwest Arkansas Naturals batting - Pitching for Amarillo Sod Poodles : RHP Nate Bryant
Batting: LHB Sonny Pouliot 0-0: Ball
1-0: Swinging Strike
1-1: Ground out 4-3 (Groundball, 4, EV 105.0 MPH)
Batting: SHB Jesús Catete 0-0: SOLO HOME RUN (Flyball, 89XD, EV 103.1 MPH), Distance : 416 ft
Batting: LHB Rod Truong 0-0: Called Strike
0-1: Ball
1-1: Ball
2-1: Swinging Strike
2-2: Ball
3-2: Foul Ball, location: 5F
3-2: DOUBLE (Flyball, 89XD, EV 110.6 MPH)
Batting: LHB José Sánchez 0-0: Called Strike
0-1: Ball
1-1: Foul Ball, location: 5DF
1-2: Ball
2-2: Foul Ball, location: 23F
2-2: Ball
3-2: Base on Balls
Batting: LHB Pete Barry 0-0: Foul Ball, location: 3F
0-1: Swinging Strike
0-2: Foul Ball, location: 23FF
0-2: Ball
1-2: Ball
2-2: SINGLE (Groundball, 23, EV 70.0 MPH) (infield hit)
Rod Truong to third
José Sánchez to second
Batting: SHB Luis Ramírez 0-0: Ball
1-0: Ball
2-0: Foul Ball, location: 2F
2-1: Foul Ball, location: 7LMF
2-2: Foul Ball, location: 3SF
2-2: Ball
3-2: Fielders Choice at 2nd, 3-6 (Groundball, 34S, EV 87.5 MPH)
Rod Truong scores
José Sánchez to third
Batting: RHB Robinson Ornelas 0-0: Called Strike
0-1: Ball
Wild Pitch!
José Sánchez scores
Luis Ramírez to second
1-1: SINGLE (Line Drive, 3D, EV 99.4 MPH)
Luis Ramírez to third
Runner from 3rd tries for Home, SAFE, throw by RF to home
Batting: RHB Gil Reynolds 0-0: Called Strike
0-1: Ball
1-1: Called Strike
1-2: Strikes out swinging
Top of the 4th over - 4 runs, 4 hits, 0 errors, 1 left on base; Northwest Arkansas 4 - Amarillo 0
BOTTOM OF THE 4TH
Amarillo Sod Poodles batting - Pitching for Northwest Arkansas Naturals : RHP Tony Clark
Batting: LHB Jared Gyll 0-0: Swinging Strike
0-1: Swinging Strike
0-2: Strikes out swinging
Batting: RHB Greg Jamison 0-0: Swinging Strike
0-1: Fly out, F4 (Popup, 34, EV 75.6 MPH)
Batting: RHB José Elrayes 0-0: Ball
1-0: Ball
2-0: Ball
3-0: Called Strike
3-1: Fly out, F8 (Flyball, 8LS, EV 73.8 MPH)
Bottom of the 4th over - 0 runs, 0 hits, 0 errors, 0 left on base; Northwest Arkansas 4 - Amarillo 0
TOP OF THE 5TH
Northwest Arkansas Naturals batting - Pitching for Amarillo Sod Poodles : RHP Nate Bryant
Batting: RHB Steve Thomason 0-0: Ball
1-0: Ground out 1-3 (Groundball, 13, EV 76.3 MPH)
Batting: LHB Sonny Pouliot 0-0: Foul Ball, location: 3FF
0-1: Swinging Strike
0-2: Ball
1-2: Strikes out swinging
Batting: SHB Jesús Catete 0-0: Ball
1-0: Called Strike
1-1: Swinging Strike
1-2: Ball
2-2: Foul Ball, location: 7LDF
2-2: Foul Ball, location: 2F
2-2: Foul Ball, location: 7LSF
2-2: Strikes out swinging
Top of the 5th over - 0 runs, 0 hits, 0 errors, 0 left on base; Northwest Arkansas 4 - Amarillo 0
BOTTOM OF THE 5TH
Amarillo Sod Poodles batting - Pitching for Northwest Arkansas Naturals : RHP Tony Clark
Batting: RHB Stan Hammons 0-0: Ball
1-0: Ball
2-0: Called Strike
2-1: Swinging Strike
2-2: Ball
3-2: Foul Ball, location: 25F
3-2: Ground out 6-3 (Groundball, 6, EV 105.6 MPH)
Batting: SHB Luis Alvarado 0-0: Called Strike
0-1: Ball
1-1: Ground out 4-3 (Groundball, 4M, EV 104.4 MPH)
Batting: LHB José Luna 0-0: DOUBLE (Groundball, 3L, EV 101.3 MPH)
Batting: RHB António Guerra 0-0: Ball
1-0: Fly out, F2 (Popup, 23F, EV 90.0 MPH)
Bottom of the 5th over - 0 runs, 1 hit, 0 errors, 1 left on base; Northwest Arkansas 4 - Amarillo 0
TOP OF THE 6TH
Northwest Arkansas Naturals batting - Pitching for Amarillo Sod Poodles : RHP Nate Bryant
Batting: LHB Rod Truong 0-0: Ball
1-0: Swinging Strike
1-1: Ball
2-1: Foul Ball, location: 23F
2-2: Ball
3-2: Fly out, F8 (Flyball, 78M, EV 80.6 MPH)
Batting: LHB José Sánchez 0-0: Ball
1-0: Ball
2-0: Ball
3-0: Called Strike
3-1: Foul Ball, location: 5F
3-2: Base on Balls
Batting: LHB Pete Barry 0-0: Called Strike
0-1: Ball
1-1: Ball
2-1: Ball
3-1: SINGLE (Groundball, 6MD, EV 99.4 MPH)
José Sánchez to second
Runner from 2nd tries for 3rd, SAFE, throw by CF made to third
Pitching: RHP Ken Barnes
Batting: SHB Luis Ramírez 0-0: Swinging Strike
0-1: Foul Ball, location: 2F
0-2: Ball
1-2: Foul Ball, location: 2F
1-2: Ball
2-2: Ball
3-2: Base on Balls
Pete Barry to second
Batting: RHB Robinson Ornelas 0-0: SINGLE (Line Drive, 6D, EV 106.3 MPH)
José Sánchez scores
Pete Barry to third
Luis Ramírez to second
Batting: RHB Gil Reynolds 0-0: Ball
1-0: Called Strike
1-1: Ball
2-1: Swinging Strike
2-2: Foul Ball, location: 5DF
2-2: Ball
3-2: Strikes out swinging
Batting: RHB Steve Thomason 0-0: Ball
1-0: Swinging Strike
1-1: Fly out, F8 (Flyball, 8RD, EV 98.1 MPH)
Top of the 6th over - 1 run, 2 hits, 0 errors, 3 left on base; Northwest Arkansas 5 - Amarillo 0
BOTTOM OF THE 6TH
Amarillo Sod Poodles batting - Pitching for Northwest Arkansas Naturals : RHP Tony Clark
Batting: RHB Pancho Castellanos 0-0: Ball
1-0: Foul Ball, location: 2F
1-1: Foul Ball, location: 9LDF
1-2: SINGLE (Line Drive, 89M, EV 88.8 MPH)
Batting: RHB Phil MacNamara 0-0: Ball
Pancho Castellanos steals 2nd base
1-0: Ball
2-0: Ball
Pancho Castellanos steals 3rd base
3-0: Called Strike
3-1: Fly out, F7 (Flyball, 7D, EV 88.8 MPH)
Runner from 3rd tags up, SCORES, no throw by LF
Batting: LHB Jared Gyll 0-0: Called Strike
0-1: Called Strike
0-2: Strikes out looking
Batting: RHB Greg Jamison 0-0: Called Strike
0-1: Fly out, F8 (Flyball, 8LD, EV 92.5 MPH)
Bottom of the 6th over - 1 run, 1 hit, 0 errors, 0 left on base; Northwest Arkansas 5 - Amarillo 1
TOP OF THE 7TH
Northwest Arkansas Naturals batting - Pitching for Amarillo Sod Poodles : RHP Ken Barnes
Batting: LHB Sonny Pouliot 0-0: Ball
1-0: Ball
2-0: Called Strike
2-1: Ball
3-1: Swinging Strike
3-2: Foul Ball, location: 7LMF
3-2: Strikes out swinging
Batting: SHB Jesús Catete 0-0: Ball
1-0: Fly out, F7 (Flyball, 78D, EV 105.0 MPH)
Batting: LHB Rod Truong 0-0: Ball
1-0: Foul Ball, location: 3DF
1-1: Foul Ball, location: 5F
1-2: Foul Ball, location: 3FF
1-2: Foul Ball, location: 2RF
1-2: Strikes out swinging
Top of the 7th over - 0 runs, 0 hits, 0 errors, 0 left on base; Northwest Arkansas 5 - Amarillo 1
BOTTOM OF THE 7TH
Amarillo Sod Poodles batting - Pitching for Northwest Arkansas Naturals : RHP Tony Clark
Batting: RHB José Elrayes 0-0: Ball
1-0: Ground out 6-3 (Groundball, 6, EV 103.8 MPH)
Batting: RHB Stan Hammons 0-0: Called Strike
0-1: Ball
1-1: Foul Ball, location: 7LSF
1-2: Ball
2-2: Foul Ball, location: 2F
2-2: Fly out, F4 (Popup, 13S, EV 91.9 MPH)
Batting: SHB Luis Alvarado 0-0: Ball
1-0: Called Strike
1-1: Swinging Strike
1-2: Ball
2-2: Ball
3-2: Foul Ball, location: 3F
3-2: SOLO HOME RUN (Flyball, 89XD, EV 105.0 MPH), Distance : 389 ft
Batting: LHB José Luna 0-0: Ground out 4-3 (Groundball, 4, EV 88.8 MPH)
Bottom of the 7th over - 1 run, 1 hit, 0 errors, 0 left on base; Northwest Arkansas 5 - Amarillo 2
TOP OF THE 8TH
Northwest Arkansas Naturals batting - Pitching for Amarillo Sod Poodles : RHP Ken Barnes
Batting: LHB José Sánchez 0-0: Ball
1-0: Foul Ball, location: 2F
1-1: Ball
2-1: Fly out, F8 (Line Drive, 8LM, EV 84.4 MPH)
Batting: LHB Pete Barry 0-0: Called Strike
0-1: Ball
1-1: Ball
2-1: Foul Ball, location: 7LSF
2-2: Fly out, F5 (Popup, 56S, EV 86.3 MPH)
Batting: SHB Luis Ramírez 0-0: Foul Ball, location: 2F
0-1: Called Strike
0-2: Strikes out swinging
Top of the 8th over - 0 runs, 0 hits, 0 errors, 0 left on base; Northwest Arkansas 5 - Amarillo 2
BOTTOM OF THE 8TH
Amarillo Sod Poodles batting - Pitching for Northwest Arkansas Naturals : RHP Tony Clark
Pitching: RHP Jim Morgan
Batting: RHB António Guerra 0-0: Called Strike
0-1: Ball
1-1: Swinging Strike
1-2: Ball
2-2: Strikes out swinging
Batting: RHB Pancho Castellanos 0-0: Called Strike
0-1: Called Strike
0-2: Ground out 5-3 (Groundball, 56S, EV 83.8 MPH)
Pinch Hitting: LHB Chuck Gibson 0-0: Foul Ball, location: 7LDF
0-1: Ball
1-1: Ball
2-1: Called Strike
2-2: Ground out 4-3 (Groundball, 34, EV 106.3 MPH)
Bottom of the 8th over - 0 runs, 0 hits, 0 errors, 0 left on base; Northwest Arkansas 5 - Amarillo 2
TOP OF THE 9TH
Northwest Arkansas Naturals batting - Pitching for Amarillo Sod Poodles : RHP Ken Barnes
Now in CF: Joe Fisher
Batting: RHB Robinson Ornelas 0-0: Ball
1-0: Called Strike
1-1: Foul Ball, location: 23F
1-2: Strikes out swinging
Batting: RHB Gil Reynolds 0-0: Ball
1-0: Called Strike
1-1: SINGLE (Line Drive, 8LS, EV 108.8 MPH)
Pitching: RHP Luis Manuel Flores
Batting: RHB Steve Thomason 0-0: Swinging Strike
0-1: Swinging Strike
0-2: Strikes out looking
Batting: LHB Sonny Pouliot 0-0: Called Strike
0-1: Ball
1-1: Foul Ball, location: 5F
1-2: Fielders Choice at 2nd, 5-4 (Groundball, 5L, EV 105.0 MPH)
Top of the 9th over - 0 runs, 1 hit, 0 errors, 1 left on base; Northwest Arkansas 5 - Amarillo 2
BOTTOM OF THE 9TH
Amarillo Sod Poodles batting - Pitching for Northwest Arkansas Naturals : RHP Jim Morgan
Pitching: RHP Ken Kirkpatrick
Batting: LHB Jared Gyll 0-0: Ball
1-0: Ball
2-0: Ball
3-0: Fly out, F6 (Line Drive, 6, EV 66.3 MPH)
Pinch Hitting: SHB Joe Gibson 0-0: Called Strike
0-1: DOUBLE (Line Drive, 8LXD, EV 108.8 MPH)
Pinch Hitting: SHB Tristan Hayes 0-0: Called Strike
0-1: Ball
1-1: Ground out 6-3 (Groundball, 6, EV 86.3 MPH)
Batting: RHB Stan Hammons 0-0: DOUBLE (Line Drive, 8RXD, EV 104.4 MPH)
Joe Gibson scores
Batting: SHB Luis Alvarado 0-0: Called Strike
0-1: Ball
1-1: Ball
2-1: Ball
3-1: Base on Balls
Batting: LHB José Luna 0-0: Ball
1-0: Ground out 3-1 (Groundball, 3D, EV 103.1 MPH)
Bottom of the 9th over - 1 run, 2 hits, 0 errors, 2 left on base; Northwest Arkansas 5 - Amarillo 3
Monday, April 1st , 2024 - OOTP Baseball 24.10 Build 82